Stars vs Wild

Created - 8 avril 2015 at 23:08

Goals
1 2 3 T
Stars 2 1 2 5
Wild 2 5 2 9
Shots
1 2 3 T
Stars 15 14 6 35
Wild 7 15 14 36

1st period

1. Wild , R.J. Umberger 27 (Daniel Briere, Chris Drury) at 1:48 (PP)
2. Stars , Patrick Sharp 29 (Henrik Sedin, Alexei Morozov) at 4:07
3. Stars , Pavel Kubina 12 (Éric Belanger) at 5:16 (PP)
4. Wild , Anson Carter 13 (Nikolai Kulemin) at 9:15

Penalties :
Mark Streit (Dal) for Roughing (Minor) at 1:41, Daniel Briere (Min) for Delaying the game (Minor) at 4:20, Toni Lydman (Min) for Hooking (Minor) at 11:25, Henrik Sedin (Dal) for Hooking (Minor) at 18:52

2nd period

5. Wild , Chris Drury 31 (Daniel Briere) at 1:38
6. Wild , Chris Drury 32 (Daniel Briere, R.J. Umberger) at 8:20
7. Wild , Pascal Dupuis 10 (Fredrik Modin) at 11:29
8. Wild , Chris Drury 33 (Daniel Briere, R.J. Umberger) at 14:39
9. Stars , Henrik Sedin 41 (Alexei Morozov) at 15:18
10. Wild , Daniel Briere 44 (Chris Drury, R.J. Umberger) at 15:30

Penalties :
Marty Reasoner (Dal) for Interference (Minor) at 9:12, Fedor Tyutin (Min) for Fighting (Major) at 14:44, Mark Streit (Dal) for Fighting (Major) at 14:44, Niklas Kronwall (Min) for Fighting (Major) at 14:47, Pavel Kubina (Dal) for Fighting (Major) at 14:47

3rd period

11. Wild , R.J. Umberger 28 (Daniel Briere, Alexei Kovalev) at 0:09
12. Wild , Anson Carter 14 (Rich Peverley, Nikolai Kulemin) at 3:43
13. Stars , Shane Doan 26 (Daniel Sedin, Matthew Spiller) at 13:56 (PP)
14. Stars , Patrick Sharp 30 (Henrik Sedin, Alexei Morozov) at 14:10

Penalties :
Chris Drury (Min) for Fighting (Major) at 0:03, Bryan Berard (Dal) for Fighting (Major) at 0:03, Daniel Sedin (Dal) for Tripping (Minor) at 6:57, Pavel Kubina (Dal) for Tripping (Minor) at 7:40, Mark Eaton (Min) for Charging (Minor) at 13:21

Goalie Stats

Pascal Leclaire (Dal), 20 saves from 25 shots - (0,800), 48:11 minutes
Patrick Lalime (Dal), 7 saves from 11 shots - (0,636), L, 9-9-3, 11:49 minutes
Martin Brodeur (Min), 30 saves from 35 shots - (0,857), W, 36-27-5, 60:00 minutes

Players Stats for Stars

Player Name              G  A  P  +/- PIM S  H  SB GA TA FO     MP     PP MP  PK MP  
------------------------------------------------------------------------------------
Alexei Morozov           0  3  3   0  0   6  1  0  1  0  1/1    19:02   1:48   0:51 
Brendan Bell             0  0  0  -2  0   0  2  3  0  1  0/0    15:38   0:00   1:00 
Bryan Berard             0  0  0  -2  5   1  0  2  1  0  0/0    18:16   1:52   2:29 
Daniel Cleary            0  0  0  -3  0   3  1  2  0  0  0/0    11:45   0:00   0:00 
Daniel Sedin             0  1  1  -1  2   3  1  0  1  0  0/3    17:17   1:42   1:41 
Éric Belanger            0  1  1  -1  0   2  4  0  1  0  9/21   14:54   1:42   0:00 
Filip Novak              0  0  0  -4  0   0  0  3  0  1  0/0    14:47   0:00   0:00 
Henrik Sedin             1  2  3   0  2   2  1  0  2  0  16/36  21:08   1:48   2:27 
Jan Hlavac               0  0  0  -1  0   2  2  0  0  0  0/0     8:12   0:00   0:20 
Kyle Okposo              0  0  0   0  0   2  1  0  0  0  0/0     7:34   0:00   0:00 
Marcus Kruger            0  0  0  -1  0   0  1  0  1  0  2/2    10:16   0:00   1:41 
Mark Streit              0  0  0   1  7   1  1  3  0  0  0/0    25:32   1:38   4:11 
Marty Reasoner           0  0  0  -4  2   1  3  1  0  0  3/10   13:50   0:00   1:48 
Matthew Spiller          0  1  1  -4  0   1  0  0  0  0  0/0    20:41   1:52   2:29 
Patrick Sharp            2  0  2   0  0   4  3  1  0  1  1/1    21:29   1:48   3:30 
Pavel Kubina             1  0  1   1  7   1  0  2  0  0  0/0    24:49   1:38   3:24 
Ryan Malone              0  0  0  -3  0   2  1  0  0  0  0/1    11:45   0:00   0:00 
Shane Doan               1  0  1  -1  0   4  1  0  0  0  0/0    14:54   1:42   0:00 

Players Stats for Wild

Player Name              G  A  P  +/- PIM S  H  SB GA TA FO     MP     PP MP  PK MP  
------------------------------------------------------------------------------------
Alexei Kovalev           0  1  1  -2  0   1  3  1  0  0  1/4    18:11   3:04   0:00 
Anson Carter             2  0  2   2  0   3  0  1  1  0  0/0     6:38   0:06   0:00 
Chris Drury              3  2  5   4  5   5  0  0  0  0  19/31  21:33   3:38   0:32 
Daniel Briere            1  5  6   5  2   3  2  1  0  0  0/1    22:37   3:37   0:00 
Fedor Tyutin             0  0  0   3  5   2  0  1  0  2  0/0    23:26   4:11   1:03 
Fredrik Modin            0  1  1   1  0   2  1  0  0  0  0/0    11:01   0:06   1:02 
Glen Metropolit          0  0  0   1  0   1  2  0  0  0  9/14   12:53   0:05   2:17 
Kristopher Letang        0  0  0   3  0   2  1  2  1  1  0/0    25:30   4:11   0:00 
Mark Eaton               0  0  0   0  2   0  0  0  0  1  0/0    21:56   2:36   2:02 
Matt Moulson             0  0  0  -3  0   1  4  2  1  0  0/0    17:35   3:04   0:11 
Niklas Kronwall          0  0  0   0  5   1  0  1  0  1  0/0    18:12   2:36   1:18 
Nikolai Kulemin          0  2  2   2  0   1  0  0  0  0  0/0     7:22   0:00   0:41 
Pascal Dupuis            1  0  1   1  0   3  0  0  0  1  1/1    11:55   0:00   2:17 
R.J. Umberger            2  3  5   5  0   7  2  1  0  0  2/3    22:38   3:37   0:00 
Rich Peverley            0  1  1   2  0   2  0  0  0  0  2/3     6:29   0:00   0:00 
Toni Lydman              0  0  0   2  2   0  0  4  0  0  0/0    14:19   0:00   0:00 
Vaclav Prospal           0  0  0  -3  0   2  0  0  0  1  9/18   17:24   3:04   0:00 
Willie Mitchell          0  0  0   2  0   0  1  3  0  0  0/0    16:45   0:00   2:37 

3 Stars

1 - R.J. Umberger (Min)
2 - Daniel Briere (Min)
3 - Chris Drury (Min)

Power Play

Stars - 2 on 3 Attempt(s) - 66,67%
Wild - 1 on 5 Attempt(s) - 20,00%

Penalty Kill

Stars - 4 on 5 Attempt(s) - 80,00% - Score 0 goal in Penalty Kill
Wild - 1 on 3 Attempt(s) - 33,33% - Score 0 goal in Penalty Kill

Team Stat

Stars - Hits : 23 - Faceoff Wins : 32 - Blocked Shots : 17 - Penalty Minutes : 25
Wild - Hits : 16 - Faceoff Wins : 43 - Blocked Shots : 17 - Penalty Minutes : 21

Official

Referees : Pollock Kevin and Sutherland Kelly
Linesman : Tim Nowak and Greg Devorski

Game Notes

Patrick Lalime enters game at 8:20 of 2nd period
Chris Drury has scored a Hat Trick!
Fedor Tyutin and Mark Streit fight to a draw at 14:44 of 2nd period
Pavel Kubina beats up Niklas Kronwall at 14:47 of 2nd period
Bryan Berard beats up Chris Drury at 0:03 of 3rd period
Pascal Leclaire enters game at 0:09 of 3rd period

Finance

Level 1 -- Attendance: 3416 (56,93%) -- Ticket Income 427 000 $
Level 2 -- Attendance: 2685 (53,70%) -- Ticket Income 201 375 $
Level 3 -- Attendance: 933 (46,65%) -- Ticket Income 46 650 $
Level 4 -- Attendance: 1600 (40,00%) -- Ticket Income 64 000 $
Luxury Box -- Attendance: 634 (63,40%) -- Ticket Income 126 800 $
Game was played at the Forest Center'
Total Attendance: 9268 (51,49%)
Total Ticket Income: 865 825 $
Other Income: 129 874 $
Total Income: 995 699 $

Stars

5 vs 5 Forward 
   Center                   Left Wing                Right Wing               Time % Phy DF OF 
 1 Henrik Sedin             Patrick Sharp            Alexei Morozov           40     1   2  2  
 2 Éric Belanger            Daniel Sedin             Shane Doan               30     1   2  2  
 3 Marty Reasoner           Ryan Malone              Daniel Cleary            20     1   2  2  
 4 Marcus Kruger            Jan Hlavac               Kyle Okposo              10     1   2  2  

5 vs 5 Defense 
   Defense                  Defense                                           Time % Phy DF OF 
 1 Pavel Kubina             Mark Streit                                       40     1   2  2  
 2 Matthew Spiller          Bryan Berard                                      30     1   2  2  
 3 Filip Novak              Brendan Bell                                      20     1   2  2  
 4 Pavel Kubina             Mark Streit                                       10     1   2  2  

PowerPlay Forward 
   Center                   Left Wing                Right Wing               Time % Phy DF OF 
 1 Henrik Sedin             Patrick Sharp            Alexei Morozov           60     1   2  2  
 2 Éric Belanger            Daniel Sedin             Shane Doan               40     1   2  2  

PowerPlay Defense
   Defense                  Defense                                           Time % Phy DF OF 
 1 Pavel Kubina             Mark Streit                                       60     1   2  2  
 2 Matthew Spiller          Bryan Berard                                      40     1   2  2  

Penalty Kill 4 Players Forward 
   Center                   Wing                     Time % Phy DF OF 
 1 Henrik Sedin             Patrick Sharp            60     1   2  2  
 2 Alexei Morozov           Daniel Sedin             40     1   2  2  

Penalty Kill 4 Players Defense
   Defense                  Defense                  Time % Phy DF OF 
 1 Pavel Kubina             Mark Streit              60     1   2  2  
 2 Matthew Spiller          Bryan Berard             40     1   2  2  

Penalty Kill - 3 Players Forward 
   Forward                                           Time % Phy DF OF 
 1 Henrik Sedin                                      60     1   2  2  
 2 Patrick Sharp                                     40     1   2  2  

Penalty Kill - 3 Players Defense
   Defense                  Defense                  Time % Phy DF OF 
 1 Pavel Kubina             Mark Streit              60     1   2  2  
 2 Matthew Spiller          Bryan Berard             40     1   2  2  

4 vs 4 Forward 
   Center                   Wing                     Time % Phy DF OF 
 1 Henrik Sedin             Patrick Sharp            60     1   2  2  
 2 Alexei Morozov           Daniel Sedin             40     1   2  2  

4 vs 4 Defense
   Defense                  Defense                  Time % Phy DF OF 
 1 Pavel Kubina             Mark Streit              60     1   2  2  
 2 Matthew Spiller          Bryan Berard             40     1   2  2  

Last Minutes Offensive
   Center                   Left Wing                Right Wing               Defense                  Defense                  
   Henrik Sedin             Patrick Sharp            Alexei Morozov           Pavel Kubina             Mark Streit              

Last Minutes Defensive
   Center                   Left Wing                Right Wing               Defense                  Defense                  
   Henrik Sedin             Patrick Sharp            Alexei Morozov           Pavel Kubina             Mark Streit              

Goaltenders
Starting : Pascal Leclaire          
Backup : Patrick Lalime           

Extra Forwards
Normal : Daniel Cleary, Ryan Malone, Marty Reasoner - PP : Daniel Cleary, Ryan Malone - PK : Marty Reasoner
Extra Defensemen
Normal : Filip Novak, Brendan Bell, Matthew Spiller - PP : Filip Novak - PK : Brendan Bell, Matthew Spiller
Penalty Shots
Henrik Sedin, Patrick Sharp, Alexei Morozov, Daniel Sedin, Shane Doan

Wild

5 vs 5 Forward 
   Center                   Left Wing                Right Wing               Time % Phy DF OF 
 1 Chris Drury              R.J. Umberger            Daniel Briere            40     0   1  3  
 2 Vaclav Prospal           Matt Moulson             Alexei Kovalev           30     1   0  4  
 3 Glen Metropolit          Fredrik Modin            Pascal Dupuis            20     1   1  3  
 4 Rich Peverley            Nikolai Kulemin          Anson Carter             10     2   1  2  

5 vs 5 Defense 
   Defense                  Defense                                           Time % Phy DF OF 
 1 Fedor Tyutin             Kristopher Letang                                 40     1   3  1  
 2 Mark Eaton               Niklas Kronwall                                   30     1   3  1  
 3 Toni Lydman              Willie Mitchell                                   20     1   3  1  
 4 Fedor Tyutin             Kristopher Letang                                 10     1   3  1  

PowerPlay Forward 
   Center                   Left Wing                Right Wing               Time % Phy DF OF 
 1 Chris Drury              R.J. Umberger            Daniel Briere            60     1   2  2  
 2 Vaclav Prospal           Matt Moulson             Alexei Kovalev           40     1   2  2  

PowerPlay Defense
   Defense                  Defense                                           Time % Phy DF OF 
 1 Fedor Tyutin             Kristopher Letang                                 60     1   2  2  
 2 Mark Eaton               Niklas Kronwall                                   40     1   2  2  

Penalty Kill 4 Players Forward 
   Center                   Wing                     Time % Phy DF OF 
 1 Glen Metropolit          Pascal Dupuis            60     1   3  1  
 2 Nikolai Kulemin          Fredrik Modin            40     1   3  1  

Penalty Kill 4 Players Defense
   Defense                  Defense                  Time % Phy DF OF 
 1 Willie Mitchell          Mark Eaton               60     2   3  0  
 2 Toni Lydman              Niklas Kronwall          40     2   3  0  

Penalty Kill - 3 Players Forward 
   Forward                                           Time % Phy DF OF 
 1 Glen Metropolit                                   60     1   4  0  
 2 Pascal Dupuis                                     40     1   4  0  

Penalty Kill - 3 Players Defense
   Defense                  Defense                  Time % Phy DF OF 
 1 Willie Mitchell          Mark Eaton               60     2   3  0  
 2 Toni Lydman              Niklas Kronwall          40     2   3  0  

4 vs 4 Forward 
   Center                   Wing                     Time % Phy DF OF 
 1 Daniel Briere            Chris Drury              60     1   1  3  
 2 Vaclav Prospal           R.J. Umberger            40     1   1  3  

4 vs 4 Defense
   Defense                  Defense                  Time % Phy DF OF 
 1 Fedor Tyutin             Kristopher Letang        60     1   3  1  
 2 Mark Eaton               Niklas Kronwall          40     1   3  1  

Last Minutes Offensive
   Center                   Left Wing                Right Wing               Defense                  Defense                  
   Chris Drury              R.J. Umberger            Daniel Briere            Fedor Tyutin             Kristopher Letang        

Last Minutes Defensive
   Center                   Left Wing                Right Wing               Defense                  Defense                  
   Glen Metropolit          Nikolai Kulemin          Pascal Dupuis            Mark Eaton               Willie Mitchell          

Goaltenders
Starting : Martin Brodeur           
Backup : Julien Ellis             

Extra Forwards
Normal : Chris Drury, Daniel Briere, Alexei Kovalev - PP : Chris Drury, Daniel Briere - PK : Glen Metropolit
Extra Defensemen
Normal : Kristopher Letang, Fedor Tyutin, Niklas Kronwall - PP : Kristopher Letang - PK : Willie Mitchell, Mark Eaton
Penalty Shots
Daniel Briere, Chris Drury, Vaclav Prospal, R.J. Umberger, Alexei Kovalev

% Time on Ice - Stars

Lines # - Real PCT - Wanted PCT - Time Play
Normal Forward
1 - 35% - 40% - 17:12
2 - 27% - 30% - 13:12
3 - 24% - 20% - 11:45
4 - 15% - 10% - 7:34
Normal Defense
1 - 41% - 40% - 20:26
2 - 28% - 30% - 13:56
3 - 21% - 20% - 10:27
4 - 10% - 10% - 4:54
PP Forward
1 - 51% - 60% - 1:48
2 - 49% - 40% - 1:42
PP Defense
1 - 47% - 60% - 1:38
2 - 53% - 40% - 1:52
PK Forward
1 - 85% - 60% - 4:40
2 - 15% - 40% - 0:51
PK Defense
1 - 75% - 60% - 4:08
2 - 25% - 40% - 1:23
PK3 Forward
1 - 79% - 60% - 1:00
2 - 21% - 40% - 0:16
PK3 Defense
1 - 41% - 60% - 0:31
2 - 59% - 40% - 0:45
44 Forward
1 - 0% - 60%
2 - 0% - 40%
44 Defense
1 - 0% - 60%
2 - 0% - 40%
Last Minute Offensive  - 0:00
Last Minute Defensive  - 0:00
Total
Forward - 60:00
Defense - 60:00

% Time on Ice - Wild

Lines # - Real PCT - Wanted PCT - Time Play
Normal Forward
1 - 38% - 40% - 19:04
2 - 29% - 30% - 14:32
3 - 19% - 20% - 9:38
4 - 13% - 10% - 6:29
Normal Defense
1 - 39% - 40% - 19:31
2 - 29% - 30% - 14:16
3 - 28% - 20% - 14:08
4 - 4% - 10% - 1:48
PP Forward
1 - 55% - 60% - 3:43
2 - 45% - 40% - 3:04
PP Defense
1 - 62% - 60% - 4:11
2 - 38% - 40% - 2:36
PK Forward
1 - 80% - 60% - 2:49
2 - 20% - 40% - 0:41
PK Defense
1 - 75% - 60% - 2:37
2 - 25% - 40% - 0:53
PK3 Forward
1 - 0% - 60%
2 - 0% - 40%
PK3 Defense
1 - 0% - 60%
2 - 0% - 40%
44 Forward
1 - 0% - 60%
2 - 0% - 40%
44 Defense
1 - 0% - 60%
2 - 0% - 40%
Last Minute Offensive  - 0:00
Last Minute Defensive  - 0:00
Total
Forward - 60:00
Defense - 60:00

Play by Play

1st period


0:01 of 1st period - Henrik Sedin wins face-off versus Chris Drury in neutral zone.
0:10 of 1st period - Slapshot by Henrik Sedin.
0:10 of 1st period - Shot Misses the Net.
0:28 of 1st period - Icing by Patrick Sharp.
0:29 of 1st period - Glen Metropolit wins face-off versus Henrik Sedin in Stars zone.
0:35 of 1st period - Off-side.
0:36 of 1st period - Éric Belanger wins face-off versus Vaclav Prospal in neutral zone.
1:07 of 1st period - Snap shot by Anson Carter.
1:07 of 1st period - Deflect By Matthew Spiller.
1:07 of 1st period - Shot Misses the Net.
1:07 of 1st period - Puck is out of play.
1:08 of 1st period - Marcus Kruger wins face-off versus Chris Drury in Stars zone.
1:08 of 1st period - Marcus Kruger is hit by Daniel Briere.
1:16 of 1st period - Snap shot by Chris Drury.
1:16 of 1st period - Shot Misses the Net.
1:18 of 1st period - Slapshot by R.J. Umberger.
1:18 of 1st period - Shot Blocked by Brendan Bell.
1:20 of 1st period - Snap shot by Daniel Briere.
1:20 of 1st period - Shot Blocked by Filip Novak.
1:22 of 1st period - Slapshot by Daniel Briere.
1:22 of 1st period - Deflect By R.J. Umberger.
1:22 of 1st period - Shot Misses the Net.
1:22 of 1st period - Puck is out of play.
1:23 of 1st period - Pascal Dupuis wins face-off versus Éric Belanger in Stars zone.
1:26 of 1st period - Snap shot by Pascal Dupuis.
1:26 of 1st period - Shot Misses the Net.
1:28 of 1st period - Snap shot by Pascal Dupuis.
1:28 of 1st period - Stopped by Pascal Leclaire without a rebound.
1:29 of 1st period - Glen Metropolit wins face-off versus Éric Belanger in Stars zone.
1:30 of 1st period - Wrist shot by Fredrik Modin.
1:30 of 1st period - Shot Misses the Net.
1:41 of 1st period - Minor Penalty to Mark Streit for Roughing.
1:42 of 1st period - Chris Drury wins face-off versus Henrik Sedin in Stars zone.
1:48 of 1st period - Wrist shot by R.J. Umberger.
1:48 of 1st period - Goal by R.J. Umberger - Stars : 0 - Wild : 1.
1:49 of 1st period - Vaclav Prospal wins face-off versus Marty Reasoner in neutral zone.
1:52 of 1st period - Ryan Malone is hit by Matt Moulson and loses puck.
2:14 of 1st period - Icing by Vaclav Prospal.
2:15 of 1st period - Henrik Sedin wins face-off versus Vaclav Prospal in Wild zone.
2:18 of 1st period - Slapshot by Alexei Morozov.
2:18 of 1st period - Stopped by Martin Brodeur with a rebound.
2:20 of 1st period - Snap shot by Alexei Morozov.
2:20 of 1st period - Stopped by Martin Brodeur without a rebound.
2:21 of 1st period - Chris Drury wins face-off versus Henrik Sedin in Wild zone.
2:30 of 1st period - Snap shot by Patrick Sharp.
2:30 of 1st period - Stopped by Martin Brodeur without a rebound.
2:31 of 1st period - Éric Belanger wins face-off versus Chris Drury in Wild zone.
2:46 of 1st period - Mark Streit is hit by R.J. Umberger and loses puck.
3:29 of 1st period - Slapshot by Alexei Kovalev.
3:29 of 1st period - Shot Misses the Net.
3:39 of 1st period - Snap shot by Patrick Sharp.
3:39 of 1st period - Shot Misses the Net.
4:07 of 1st period - Wrist shot by Patrick Sharp.
4:07 of 1st period - Goal by Patrick Sharp - Stars : 1 - Wild : 1.
4:08 of 1st period - Marty Reasoner wins face-off versus Chris Drury in neutral zone.
4:15 of 1st period - Snap shot by Daniel Cleary.
4:15 of 1st period - Stopped by Martin Brodeur with a rebound.
4:20 of 1st period - Minor Penalty to Daniel Briere for Delaying the game.
4:21 of 1st period - Éric Belanger wins face-off versus Glen Metropolit in Wild zone.
4:28 of 1st period - Slapshot by Bryan Berard.
4:28 of 1st period - Stopped by Martin Brodeur without a rebound.
4:29 of 1st period - Glen Metropolit wins face-off versus Éric Belanger in Wild zone.
4:29 of 1st period - Glen Metropolit is hit by Éric Belanger.
4:43 of 1st period - Slapshot by Shane Doan.
4:43 of 1st period - Stopped by Martin Brodeur without a rebound.
4:44 of 1st period - Henrik Sedin wins face-off versus Glen Metropolit in Wild zone.
4:45 of 1st period - Wrist shot by Alexei Morozov.
4:45 of 1st period - Stopped by Martin Brodeur with a rebound.
5:09 of 1st period - Éric Belanger is hit by Willie Mitchell and loses puck.
5:16 of 1st period - Slapshot by Pavel Kubina.
5:16 of 1st period - Goal by Pavel Kubina - Stars : 2 - Wild : 1.
5:17 of 1st period - Éric Belanger wins face-off versus Chris Drury in neutral zone.
6:57 of 1st period - Wrist shot by Patrick Sharp.
6:57 of 1st period - Shot Misses the Net.
6:59 of 1st period - Backhand shot by Henrik Sedin.
6:59 of 1st period - Stopped by Martin Brodeur without a rebound.
7:00 of 1st period - Éric Belanger wins face-off versus Glen Metropolit in Wild zone.
7:15 of 1st period - Slapshot by Shane Doan.
7:15 of 1st period - Deflect By Éric Belanger.
7:15 of 1st period - Stopped by Martin Brodeur with a rebound.
9:15 of 1st period - Backhand shot by Anson Carter.
9:15 of 1st period - Goal by Anson Carter - Stars : 2 - Wild : 2.
9:16 of 1st period - Chris Drury wins face-off versus Éric Belanger in neutral zone.
9:31 of 1st period - Slapshot by Chris Drury.
9:31 of 1st period - Stopped by Pascal Leclaire without a rebound.
9:32 of 1st period - Glen Metropolit wins face-off versus Henrik Sedin in Stars zone.
10:22 of 1st period - Snap shot by Shane Doan.
10:22 of 1st period - Shot Misses the Net.
10:24 of 1st period - Wrist shot by Shane Doan.
10:24 of 1st period - Shot Blocked by Kristopher Letang.
10:42 of 1st period - Snap shot by Henrik Sedin.
10:42 of 1st period - Shot Misses the Net.
10:44 of 1st period - Snap shot by Alexei Morozov.
10:44 of 1st period - Deflect By Patrick Sharp.
10:44 of 1st period - Shot Hit the Post.
10:44 of 1st period - Puck is out of play.
10:45 of 1st period - Rich Peverley wins face-off versus Henrik Sedin in Wild zone.
11:10 of 1st period - Shane Doan is hit by Daniel Briere and loses puck.
11:25 of 1st period - Minor Penalty to Toni Lydman for Hooking.
11:26 of 1st period - Glen Metropolit wins face-off versus Henrik Sedin in Wild zone.
11:33 of 1st period - Snap shot by Glen Metropolit.
11:33 of 1st period - Shot Misses the Net.
12:18 of 1st period - Nikolai Kulemin is hit by Patrick Sharp.
13:25 of 1st period - Penalty to Toni Lydman is over, Toni Lydman is back on ice.
13:30 of 1st period - Wrist shot by Ryan Malone.
13:30 of 1st period - Shot Blocked by Toni Lydman.
13:32 of 1st period - Snap shot by Marty Reasoner.
13:32 of 1st period - Stopped by Martin Brodeur with a rebound.
13:34 of 1st period - Slapshot by Daniel Cleary.
13:34 of 1st period - Shot Blocked by Toni Lydman.
13:36 of 1st period - Wrist shot by Daniel Cleary.
13:36 of 1st period - Stopped by Martin Brodeur without a rebound.
13:37 of 1st period - Chris Drury wins face-off versus Marty Reasoner in Wild zone.
13:44 of 1st period - Willie Mitchell is hit by Marty Reasoner and loses puck.
14:55 of 1st period - Wrist shot by Mark Streit.
14:55 of 1st period - Stopped by Martin Brodeur with a rebound.
15:24 of 1st period - Wrist shot by Alexei Kovalev.
15:24 of 1st period - Shot Misses the Net.
15:42 of 1st period - Snap shot by Anson Carter.
15:42 of 1st period - Shot Misses the Net.
15:44 of 1st period - Snap shot by Kristopher Letang.
15:44 of 1st period - Stopped by Pascal Leclaire without a rebound.
15:45 of 1st period - Éric Belanger wins face-off versus Chris Drury in Stars zone.
16:08 of 1st period - Daniel Briere is hit by Henrik Sedin and loses puck.
16:23 of 1st period - Snap shot by R.J. Umberger.
16:23 of 1st period - Stopped by Pascal Leclaire without a rebound.
16:24 of 1st period - Glen Metropolit wins face-off versus Marty Reasoner in Stars zone.
16:25 of 1st period - Snap shot by Pascal Dupuis.
16:25 of 1st period - Shot Misses the Net.
16:35 of 1st period - Wrist shot by Ryan Malone.
16:35 of 1st period - Stopped by Martin Brodeur without a rebound.
16:36 of 1st period - Henrik Sedin wins face-off versus Glen Metropolit in Wild zone.
17:36 of 1st period - Slapshot by Matthew Spiller.
17:36 of 1st period - Shot Misses the Net.
17:56 of 1st period - Off-side.
17:57 of 1st period - Henrik Sedin wins face-off versus R.J. Umberger in neutral zone.
18:14 of 1st period - Snap shot by Chris Drury.
18:14 of 1st period - Deflect By Daniel Briere.
18:14 of 1st period - Stopped by Pascal Leclaire without a rebound.
18:15 of 1st period - Vaclav Prospal wins face-off versus Éric Belanger in Stars zone.
18:16 of 1st period - Wrist shot by Alexei Kovalev.
18:16 of 1st period - Shot Blocked by Mark Streit.
18:28 of 1st period - Éric Belanger is hit by Matt Moulson and loses puck.
18:42 of 1st period - Patrick Sharp is hit by Kristopher Letang and loses puck.
18:52 of 1st period - Minor Penalty to Henrik Sedin for Hooking.
18:53 of 1st period - Chris Drury wins face-off versus Marty Reasoner in Stars zone.
19:22 of 1st period - Snap shot by Matt Moulson.
19:22 of 1st period - Shot Misses the Net.
19:26 of 1st period - Snap shot by Vaclav Prospal.
19:26 of 1st period - Shot Misses the Net.
19:28 of 1st period - Slapshot by Vaclav Prospal.
19:28 of 1st period - Shot Blocked by Marty Reasoner.
19:30 of 1st period - Slapshot by Mark Eaton.
19:30 of 1st period - Shot Blocked by Mark Streit.
Goals for this period are 2 for Stars vs 2 for Wild.
Shots for this period are 15 for Stars vs 7 for Wild.

2nd period


0:01 of 2nd period - Marty Reasoner wins face-off versus Chris Drury in neutral zone.
0:38 of 2nd period - Slapshot by Fedor Tyutin.
0:38 of 2nd period - Stopped by Pascal Leclaire without a rebound.
0:39 of 2nd period - Marcus Kruger wins face-off versus Vaclav Prospal in Stars zone.
0:52 of 2nd period - Penalty to Henrik Sedin is over, Henrik Sedin is back on ice.
1:20 of 2nd period - Snap shot by Daniel Sedin.
1:20 of 2nd period - Shot Misses the Net.
1:32 of 2nd period - Backhand shot by Vaclav Prospal.
1:32 of 2nd period - Shot Misses the Net.
1:34 of 2nd period - Wrist shot by Matt Moulson.
1:34 of 2nd period - Stopped by Pascal Leclaire without a rebound.
1:35 of 2nd period - Chris Drury wins face-off versus Marty Reasoner in Stars zone.
1:38 of 2nd period - Wrist shot by Chris Drury.
1:38 of 2nd period - Goal by Chris Drury - Stars : 2 - Wild : 3.
1:39 of 2nd period - Henrik Sedin wins face-off versus Daniel Briere in neutral zone.
1:47 of 2nd period - Icing by Kristopher Letang.
1:48 of 2nd period - Chris Drury wins face-off versus Henrik Sedin in Wild zone.
1:59 of 2nd period - Snap shot by Alexei Morozov.
1:59 of 2nd period - Shot Hit the Post.
2:35 of 2nd period - Slapshot by R.J. Umberger.
2:35 of 2nd period - Deflect By Daniel Briere.
2:35 of 2nd period - Shot Blocked by Mark Streit.
2:35 of 2nd period - Puck is out of play.
2:36 of 2nd period - Éric Belanger wins face-off versus Vaclav Prospal in Stars zone.
3:26 of 2nd period - Snap shot by Fredrik Modin.
3:26 of 2nd period - Shot Blocked by Brendan Bell.
3:28 of 2nd period - Snap shot by Glen Metropolit.
3:28 of 2nd period - Shot Misses the Net.
4:36 of 2nd period - Wrist shot by Fedor Tyutin.
4:36 of 2nd period - Stopped by Pascal Leclaire without a rebound.
4:37 of 2nd period - Éric Belanger wins face-off versus Vaclav Prospal in Stars zone.
5:19 of 2nd period - Wrist shot by Henrik Sedin.
5:19 of 2nd period - Shot Misses the Net.
5:29 of 2nd period - Toni Lydman is hit by Ryan Malone and loses puck.
5:50 of 2nd period - Chris Drury is hit by Kyle Okposo and loses puck.
6:19 of 2nd period - Snap shot by Daniel Sedin.
6:19 of 2nd period - Stopped by Martin Brodeur with a rebound.
6:21 of 2nd period - Slapshot by Bryan Berard.
6:21 of 2nd period - Deflect By Shane Doan.
6:21 of 2nd period - Stopped by Martin Brodeur with a rebound.
7:19 of 2nd period - Snap shot by Marcus Kruger.
7:19 of 2nd period - Shot Misses the Net.
7:23 of 2nd period - Backhand shot by Jan Hlavac.
7:23 of 2nd period - Stopped by Martin Brodeur without a rebound.
7:24 of 2nd period - Chris Drury wins face-off versus Éric Belanger in Wild zone.
7:29 of 2nd period - Slapshot by Éric Belanger.
7:29 of 2nd period - Stopped by Martin Brodeur with a rebound.
7:31 of 2nd period - Slapshot by Éric Belanger.
7:31 of 2nd period - Deflect By Daniel Sedin.
7:31 of 2nd period - Shot Blocked by Willie Mitchell.
7:31 of 2nd period - Puck is out of play.
7:32 of 2nd period - R.J. Umberger wins face-off versus Éric Belanger in Wild zone.
7:32 of 2nd period - R.J. Umberger is hit by Daniel Sedin.
7:50 of 2nd period - Slapshot by Daniel Sedin.
7:50 of 2nd period - Stopped by Martin Brodeur without a rebound.
7:51 of 2nd period - Henrik Sedin wins face-off versus Vaclav Prospal in Wild zone.
8:02 of 2nd period - Wrist shot by Alexei Morozov.
8:02 of 2nd period - Deflect By Patrick Sharp.
8:02 of 2nd period - Stopped by Martin Brodeur with a rebound.
8:04 of 2nd period - Snap shot by Alexei Morozov.
8:04 of 2nd period - Stopped by Martin Brodeur without a rebound.
8:05 of 2nd period - Chris Drury wins face-off versus Éric Belanger in Wild zone.
8:20 of 2nd period - Snap shot by Chris Drury.
8:20 of 2nd period - Goal by Chris Drury - Stars : 2 - Wild : 4.
8:20 of 2nd period - Patrick Lalime enters game.
8:21 of 2nd period - Chris Drury wins face-off versus Henrik Sedin in neutral zone.
8:46 of 2nd period - Matt Moulson is hit by Éric Belanger and loses puck.
9:07 of 2nd period - Snap shot by Fredrik Modin.
9:07 of 2nd period - Stopped by Patrick Lalime without a rebound.
9:08 of 2nd period - Glen Metropolit wins face-off versus Ryan Malone in Stars zone.
9:12 of 2nd period - Minor Penalty to Marty Reasoner for Interference.
9:13 of 2nd period - Chris Drury wins face-off versus Henrik Sedin in Stars zone.
9:39 of 2nd period - Henrik Sedin is hit by Alexei Kovalev and loses puck.
10:43 of 2nd period - Daniel Sedin is hit by R.J. Umberger and loses puck.
11:00 of 2nd period - Marcus Kruger is hit by Alexei Kovalev and loses puck.
11:12 of 2nd period - Penalty to Marty Reasoner is over, Marty Reasoner is back on ice.
11:22 of 2nd period - Jan Hlavac is hit by Glen Metropolit and loses puck.
11:29 of 2nd period - Wrist shot by Pascal Dupuis.
11:29 of 2nd period - Goal by Pascal Dupuis - Stars : 2 - Wild : 5.
11:30 of 2nd period - Henrik Sedin wins face-off versus Chris Drury in neutral zone.
11:33 of 2nd period - Wrist shot by Alexei Morozov.
11:33 of 2nd period - Shot Misses the Net.
12:19 of 2nd period - Wrist shot by Pascal Dupuis.
12:19 of 2nd period - Stopped by Patrick Lalime without a rebound.
12:20 of 2nd period - Chris Drury wins face-off versus Marty Reasoner in Stars zone.
12:23 of 2nd period - Slapshot by Chris Drury.
12:23 of 2nd period - Shot Misses the Net.
12:29 of 2nd period - Snap shot by Daniel Cleary.
12:29 of 2nd period - Deflect By Ryan Malone.
12:29 of 2nd period - Stopped by Martin Brodeur with a rebound.
12:33 of 2nd period - Slapshot by Daniel Cleary.
12:33 of 2nd period - Shot Misses the Net.
12:53 of 2nd period - Slapshot by Daniel Cleary.
12:53 of 2nd period - Stopped by Martin Brodeur with a rebound.
12:55 of 2nd period - Slapshot by Brendan Bell.
12:55 of 2nd period - Shot Blocked by Toni Lydman.
12:57 of 2nd period - Slapshot by Daniel Cleary.
12:57 of 2nd period - Shot Blocked by Toni Lydman.
12:59 of 2nd period - Wrist shot by Ryan Malone.
12:59 of 2nd period - Shot Blocked by Willie Mitchell.
13:01 of 2nd period - Snap shot by Ryan Malone.
13:01 of 2nd period - Shot Hit the Post.
13:23 of 2nd period - Slapshot by Ryan Malone.
13:23 of 2nd period - Shot Blocked by R.J. Umberger.
14:03 of 2nd period - Snap shot by Matthew Spiller.
14:03 of 2nd period - Shot Blocked by Willie Mitchell.
14:23 of 2nd period - Snap shot by Chris Drury.
14:23 of 2nd period - Shot Misses the Net.
14:25 of 2nd period - Snap shot by R.J. Umberger.
14:25 of 2nd period - Shot Misses the Net.
14:27 of 2nd period - Slapshot by Chris Drury.
14:27 of 2nd period - Shot Blocked by Daniel Cleary.
14:33 of 2nd period - Snap shot by R.J. Umberger.
14:33 of 2nd period - Stopped by Patrick Lalime with a rebound.
14:39 of 2nd period - Snap shot by Chris Drury.
14:39 of 2nd period - Goal by Chris Drury - Stars : 2 - Wild : 6.
14:40 of 2nd period - Vaclav Prospal wins face-off versus Henrik Sedin in neutral zone.
14:44 of 2nd period - Fedor Tyutin and Mark Streit fight to a draw.
14:44 of 2nd period - Penalty to Fedor Tyutin for Fighting.
14:44 of 2nd period - Penalty to Mark Streit for Fighting.
14:45 of 2nd period - Vaclav Prospal wins face-off versus Henrik Sedin in Stars zone.
14:47 of 2nd period - Pavel Kubina beats up Niklas Kronwall.
14:47 of 2nd period - Penalty to Niklas Kronwall for Fighting.
14:47 of 2nd period - Penalty to Pavel Kubina for Fighting.
14:48 of 2nd period - Vaclav Prospal wins face-off versus Henrik Sedin in Stars zone.
14:59 of 2nd period - Snap shot by Alexei Morozov.
14:59 of 2nd period - Stopped by Martin Brodeur without a rebound.
15:00 of 2nd period - Vaclav Prospal wins face-off versus Henrik Sedin in Wild zone.
15:09 of 2nd period - Backhand shot by Alexei Kovalev.
15:09 of 2nd period - Deflect By Vaclav Prospal.
15:09 of 2nd period - Stopped by Patrick Lalime without a rebound.
15:10 of 2nd period - Henrik Sedin wins face-off versus Vaclav Prospal in Stars zone.
15:10 of 2nd period - Henrik Sedin is hit by Matt Moulson.
15:18 of 2nd period - Slapshot by Henrik Sedin.
15:18 of 2nd period - Goal by Henrik Sedin - Stars : 3 - Wild : 6.
15:19 of 2nd period - Alexei Morozov wins face-off versus Chris Drury in neutral zone.
15:28 of 2nd period - Wrist shot by Daniel Briere.
15:28 of 2nd period - Shot Misses the Net.
15:30 of 2nd period - Snap shot by Daniel Briere.
15:30 of 2nd period - Goal by Daniel Briere - Stars : 3 - Wild : 7.
15:31 of 2nd period - Chris Drury wins face-off versus Daniel Sedin in neutral zone.
15:46 of 2nd period - Wrist shot by Daniel Sedin.
15:46 of 2nd period - Shot Misses the Net.
16:07 of 2nd period - Slapshot by Mark Eaton.
16:07 of 2nd period - Deflect By Vaclav Prospal.
16:07 of 2nd period - Shot Misses the Net.
16:07 of 2nd period - Puck is out of play.
16:08 of 2nd period - Chris Drury wins face-off versus Éric Belanger in Stars zone.
16:21 of 2nd period - Slapshot by Daniel Briere.
16:21 of 2nd period - Shot Blocked by Brendan Bell.
16:23 of 2nd period - Snap shot by R.J. Umberger.
16:23 of 2nd period - Shot Misses the Net.
16:25 of 2nd period - Wrist shot by Daniel Briere.
16:25 of 2nd period - Shot Blocked by Filip Novak.
16:35 of 2nd period - Matt Moulson is hit by Brendan Bell.
16:59 of 2nd period - Snap shot by Kyle Okposo.
16:59 of 2nd period - Stopped by Martin Brodeur with a rebound.
17:01 of 2nd period - Slapshot by Kyle Okposo.
17:01 of 2nd period - Stopped by Martin Brodeur with a rebound.
17:03 of 2nd period - Snap shot by Jan Hlavac.
17:03 of 2nd period - Shot Misses the Net.
17:05 of 2nd period - Slapshot by Brendan Bell.
17:05 of 2nd period - Deflect By Kyle Okposo.
17:05 of 2nd period - Shot Misses the Net.
17:05 of 2nd period - Puck is out of play.
17:06 of 2nd period - Chris Drury wins face-off versus Henrik Sedin in Wild zone.
17:17 of 2nd period - Snap shot by R.J. Umberger.
17:17 of 2nd period - Shot Blocked by Bryan Berard.
17:19 of 2nd period - Slapshot by Kristopher Letang.
17:19 of 2nd period - Stopped by Patrick Lalime with a rebound.
18:00 of 2nd period - Kyle Okposo is hit by Fredrik Modin and loses puck.
18:07 of 2nd period - Willie Mitchell is hit by Jan Hlavac and loses puck.
18:20 of 2nd period - Slapshot by Nikolai Kulemin.
18:20 of 2nd period - Stopped by Patrick Lalime with a rebound.
18:22 of 2nd period - Slapshot by Willie Mitchell.
18:22 of 2nd period - Shot Blocked by Filip Novak.
18:24 of 2nd period - Slapshot by Rich Peverley.
18:24 of 2nd period - Shot Misses the Net.
18:26 of 2nd period - Wrist shot by Rich Peverley.
18:26 of 2nd period - Stopped by Patrick Lalime without a rebound.
18:27 of 2nd period - Chris Drury wins face-off versus Henrik Sedin in Stars zone.
18:39 of 2nd period - Chris Drury is hit by Patrick Sharp and loses puck.
18:52 of 2nd period - Matthew Spiller is hit by Matt Moulson and loses puck.
19:22 of 2nd period - Slapshot by Matthew Spiller.
19:22 of 2nd period - Stopped by Martin Brodeur with a rebound.
19:36 of 2nd period - Kristopher Letang is hit by Marty Reasoner and loses puck.
Goals for this period are 1 for Stars vs 5 for Wild.
Shots for this period are 14 for Stars vs 15 for Wild.

3rd period


0:01 of 3rd period - Chris Drury wins face-off versus Henrik Sedin in neutral zone.
0:03 of 3rd period - Bryan Berard beats up Chris Drury.
0:03 of 3rd period - Penalty to Chris Drury for Fighting.
0:03 of 3rd period - Penalty to Bryan Berard for Fighting.
0:04 of 3rd period - Alexei Kovalev wins face-off versus Henrik Sedin in Stars zone.
0:09 of 3rd period - Snap shot by R.J. Umberger.
0:09 of 3rd period - Goal by R.J. Umberger - Stars : 3 - Wild : 8.
0:09 of 3rd period - Pascal Leclaire enters game.
0:10 of 3rd period - Henrik Sedin wins face-off versus Alexei Kovalev in neutral zone.
0:25 of 3rd period - Snap shot by R.J. Umberger.
0:25 of 3rd period - Stopped by Pascal Leclaire with a rebound.
0:37 of 3rd period - Mark Eaton is hit by Éric Belanger and loses puck.
0:42 of 3rd period - Snap shot by Shane Doan.
0:42 of 3rd period - Stopped by Martin Brodeur without a rebound.
0:43 of 3rd period - Glen Metropolit wins face-off versus Éric Belanger in Wild zone.
0:43 of 3rd period - Glen Metropolit is hit by Shane Doan.
0:49 of 3rd period - Fedor Tyutin is hit by Mark Streit and loses puck.
1:18 of 3rd period - Slapshot by Alexei Kovalev.
1:18 of 3rd period - Shot Misses the Net.
1:35 of 3rd period - Icing by Mark Streit.
1:36 of 3rd period - Henrik Sedin wins face-off versus Alexei Kovalev in Stars zone.
2:01 of 3rd period - Snap shot by Shane Doan.
2:01 of 3rd period - Shot Blocked by Anson Carter.
2:20 of 3rd period - Fredrik Modin is hit by Éric Belanger and loses puck.
2:59 of 3rd period - Slapshot by Kyle Okposo.
2:59 of 3rd period - Shot Misses the Net.
3:01 of 3rd period - Wrist shot by Jan Hlavac.
3:01 of 3rd period - Shot Blocked by Daniel Briere.
3:03 of 3rd period - Slapshot by Mark Streit.
3:03 of 3rd period - Shot Blocked by Kristopher Letang.
3:21 of 3rd period - Snap shot by Anson Carter.
3:21 of 3rd period - Stopped by Pascal Leclaire without a rebound.
3:22 of 3rd period - Henrik Sedin wins face-off versus Rich Peverley in Stars zone.
3:41 of 3rd period - Wrist shot by Rich Peverley.
3:41 of 3rd period - Stopped by Pascal Leclaire with a rebound.
3:43 of 3rd period - Slapshot by Anson Carter.
3:43 of 3rd period - Goal by Anson Carter - Stars : 3 - Wild : 9.
3:44 of 3rd period - Vaclav Prospal wins face-off versus Henrik Sedin in neutral zone.
4:10 of 3rd period - Daniel Sedin is hit by Glen Metropolit and loses puck.
4:17 of 3rd period - Slapshot by R.J. Umberger.
4:17 of 3rd period - Shot Misses the Net.
4:31 of 3rd period - Niklas Kronwall is hit by Brendan Bell and loses puck.
4:38 of 3rd period - Nikolai Kulemin is hit by Marcus Kruger and loses puck.
5:13 of 3rd period - Slapshot by Matthew Spiller.
5:13 of 3rd period - Shot Misses the Net.
5:19 of 3rd period - Snap shot by Henrik Sedin.
5:19 of 3rd period - Shot Misses the Net.
5:35 of 3rd period - Slapshot by Niklas Kronwall.
5:35 of 3rd period - Stopped by Pascal Leclaire without a rebound.
5:36 of 3rd period - Glen Metropolit wins face-off versus Éric Belanger in Stars zone.
6:13 of 3rd period - Wrist shot by Alexei Morozov.
6:13 of 3rd period - Deflect By Kristopher Letang.
6:13 of 3rd period - Shot Blocked by Fedor Tyutin.
6:13 of 3rd period - Puck is out of play.
6:14 of 3rd period - Marty Reasoner wins face-off versus Alexei Kovalev in Wild zone.
6:50 of 3rd period - Snap shot by Pascal Dupuis.
6:50 of 3rd period - Shot Misses the Net.
6:52 of 3rd period - Snap shot by Glen Metropolit.
6:52 of 3rd period - Deflect By Fredrik Modin.
6:52 of 3rd period - Stopped by Pascal Leclaire without a rebound.
6:53 of 3rd period - Chris Drury wins face-off versus Éric Belanger in Stars zone.
6:57 of 3rd period - Minor Penalty to Daniel Sedin for Tripping.
6:58 of 3rd period - Henrik Sedin wins face-off versus Chris Drury in Stars zone.
7:40 of 3rd period - Minor Penalty to Pavel Kubina for Tripping.
7:41 of 3rd period - R.J. Umberger wins face-off versus Henrik Sedin in Stars zone.
8:57 of 3rd period - Penalty to Daniel Sedin is over, Daniel Sedin is back on ice.
9:17 of 3rd period - Kristopher Letang is hit by Marty Reasoner and loses puck.
9:40 of 3rd period - Penalty to Pavel Kubina is over, Pavel Kubina is back on ice.
9:55 of 3rd period - Niklas Kronwall is hit by Jan Hlavac and loses puck.
10:39 of 3rd period - Matt Moulson is hit by Patrick Sharp and loses puck.
11:26 of 3rd period - Wrist shot by Ryan Malone.
11:26 of 3rd period - Deflect By Éric Belanger.
11:26 of 3rd period - Shot Misses the Net.
11:26 of 3rd period - Puck is out of play.
11:27 of 3rd period - Éric Belanger wins face-off versus Chris Drury in Wild zone.
11:52 of 3rd period - Chris Drury is hit by Daniel Cleary and loses puck.
12:20 of 3rd period - Snap shot by Daniel Briere.
12:20 of 3rd period - Shot Misses the Net.
13:05 of 3rd period - Wrist shot by Chris Drury.
13:05 of 3rd period - Shot Misses the Net.
13:07 of 3rd period - Snap shot by R.J. Umberger.
13:07 of 3rd period - Stopped by Pascal Leclaire with a rebound.
13:09 of 3rd period - Slapshot by Fedor Tyutin.
13:09 of 3rd period - Shot Blocked by Pavel Kubina.
13:13 of 3rd period - Snap shot by Chris Drury.
13:13 of 3rd period - Stopped by Pascal Leclaire without a rebound.
13:14 of 3rd period - Henrik Sedin wins face-off versus Vaclav Prospal in Stars zone.
13:14 of 3rd period - Henrik Sedin is hit by Alexei Kovalev.
13:21 of 3rd period - Minor Penalty to Mark Eaton for Charging.
13:22 of 3rd period - Patrick Sharp wins face-off versus Glen Metropolit in Wild zone.
13:22 of 3rd period - Slapshot by Alexei Morozov.
13:22 of 3rd period - Stopped by Martin Brodeur with a rebound.
13:28 of 3rd period - Snap shot by Alexei Morozov.
13:28 of 3rd period - Shot Blocked by Niklas Kronwall.
13:54 of 3rd period - Wrist shot by Daniel Sedin.
13:54 of 3rd period - Stopped by Martin Brodeur with a rebound.
13:56 of 3rd period - Slapshot by Shane Doan.
13:56 of 3rd period - Goal by Shane Doan - Stars : 4 - Wild : 9.
13:57 of 3rd period - Vaclav Prospal wins face-off versus Henrik Sedin in neutral zone.
14:08 of 3rd period - Wrist shot by Henrik Sedin.
14:08 of 3rd period - Shot Misses the Net.
14:10 of 3rd period - Snap shot by Patrick Sharp.
14:10 of 3rd period - Goal by Patrick Sharp - Stars : 5 - Wild : 9.
14:11 of 3rd period - Henrik Sedin wins face-off versus Vaclav Prospal in neutral zone.
14:45 of 3rd period - Snap shot by Glen Metropolit.
14:45 of 3rd period - Stopped by Pascal Leclaire with a rebound.
14:47 of 3rd period - Slapshot by Kristopher Letang.
14:47 of 3rd period - Shot Blocked by Bryan Berard.
14:57 of 3rd period - Glen Metropolit is hit by Alexei Morozov and loses puck.
15:09 of 3rd period - Off-side.
15:10 of 3rd period - Rich Peverley wins face-off versus Daniel Sedin in neutral zone.
15:41 of 3rd period - Snap shot by Jan Hlavac.
15:41 of 3rd period - Shot Misses the Net.
15:43 of 3rd period - Wrist shot by Kyle Okposo.
15:43 of 3rd period - Shot Blocked by Matt Moulson.
15:49 of 3rd period - Slapshot by Marcus Kruger.
15:49 of 3rd period - Deflect By Jan Hlavac.
15:49 of 3rd period - Stopped by Martin Brodeur without a rebound.
15:50 of 3rd period - Chris Drury wins face-off versus Marty Reasoner in Wild zone.
16:03 of 3rd period - Snap shot by Daniel Briere.
16:03 of 3rd period - Shot Blocked by Daniel Cleary.
16:05 of 3rd period - Slapshot by Fedor Tyutin.
16:05 of 3rd period - Deflect By Daniel Briere.
16:05 of 3rd period - Stopped by Pascal Leclaire with a rebound.
16:07 of 3rd period - Snap shot by R.J. Umberger.
16:07 of 3rd period - Stopped by Pascal Leclaire with a rebound.
16:18 of 3rd period - Off-side.
16:19 of 3rd period - Vaclav Prospal wins face-off versus Daniel Sedin in neutral zone.
16:30 of 3rd period - Snap shot by Vaclav Prospal.
16:30 of 3rd period - Stopped by Pascal Leclaire with a rebound.
16:32 of 3rd period - Slapshot by Mark Eaton.
16:32 of 3rd period - Shot Blocked by Pavel Kubina.
18:14 of 3rd period - Wrist shot by Alexei Kovalev.
18:14 of 3rd period - Stopped by Pascal Leclaire with a rebound.
18:55 of 3rd period - Slapshot by Jan Hlavac.
18:55 of 3rd period - Shot Blocked by Alexei Kovalev.
19:21 of 3rd period - Snap shot by Jan Hlavac.
19:21 of 3rd period - Shot Misses the Net.
19:23 of 3rd period - Slapshot by Filip Novak.
19:23 of 3rd period - Shot Misses the Net.
19:25 of 3rd period - Wrist shot by Jan Hlavac.
19:25 of 3rd period - Deflect By Toni Lydman.
19:25 of 3rd period - Shot Blocked by Matt Moulson.
19:25 of 3rd period - Puck is out of play.
19:26 of 3rd period - Henrik Sedin wins face-off versus Chris Drury in Wild zone.
19:38 of 3rd period - Backhand shot by Chris Drury.
19:38 of 3rd period - Shot Blocked by Patrick Sharp.
Goals for this period are 2 for Stars vs 2 for Wild.
Shots for this period are 6 for Stars vs 14 for Wild.


Output by the SimonT Hockey Simulator (STHS) for François Prévost -- Original Page W3C XHTML 1.0 Valid
Hockey Simulator - Hockey Simulation - Hockey Manager